 Dungeon Crawl Stone Soup version 0.29.1-13-g9f3cf754e1 (webtiles) character file.

Game seed: 5154947911927131051

42 KittyFluff the Trooper (level 3, -3/36 HPs)
             Began as a Gargoyle Berserker on Jan 27, 2023.
             Was a Follower of Trog.
             Slain by a hobgoblin (6 damage)
             ... led by Robin
             ... on level 2 of the Dungeon.
             The game lasted 00:06:03 (1526 turns).

KittyFluff the Trooper (Gargoyle Berserker)         Turns: 1526, Time: 00:06:04

Health: -3/36      AC: 21    Str: 20    XL:     3   Next: 54%
Magic:  3/3        EV:  2    Int:  7    God:    Trog [*.....]
Gold:   96         SH:  0    Dex: 11    Spells: 2/2 levels left

rFire   . . .      SeeInvis +   a - +0 mace
rCold   . . .      Faith    .   (no shield)
rNeg    + . .      Spirit   .   (body armour currently unavailable)
rPois   ∞          Reflect  .   (helmet currently unavailable)
rElec   .          Harm     .   (cloak currently unavailable)
rCorr   .          Rampage  .   (gloves currently unavailable)
Will    .....      NoTele   +   (boots currently unavailable)
Stlth   +.........              (no amulet)
HPRegen 0.12/turn               l - ring of see invisible
MPRegen 0.08/turn               (no ring)

@: tree-form, on berserk cooldown, slowed, very slow
A: stationary, stasis, torment immunity, boosted hp, sickness immunity, AC +3,
negative energy resistance 1, (electricity resistance), torment resistance 1,
petrification resistance
a: Renounce Religion, Berserk


You were on level 2 of the Dungeon.
You worshipped Trog.
Trog was aware of your devotion.
You were a tree.
You visited 1 branch of the dungeon, and saw 2 of its levels.

You collected 96 gold pieces.

Inventory:

Hand Weapons
 a - a +0 mace (weapon)
 k - a +0 sling
Missiles
 e - 9 stones (quivered)
 i - 6 poisoned darts
Armour
 f - a +0 leather armour (melded)
 g - a +0 scale mail
 o - a +0 ring mail
Jewellery
 l - a ring of see invisible (left branch)
 p - a ring of magical power
Scrolls
 b - a scroll of immolation {unknown}
 c - 2 scrolls of identify {unknown}
 h - a scroll of poison {unknown}
 m - a scroll of teleportation {unknown}
 n - a scroll of brand weapon {unknown}
Potions
 j - 2 potions of attraction {unknown}
 q - 2 potions of brilliance {unknown}


   Skills:
 + Level 3.8 Fighting
 + Level 3.4 Maces & Flails
 * Level 3.0 Armour
 + Level 1.6 Dodging
 + Level 0.2 Stealth


You had 2 spell levels left.
You didn't know any spells.
Your spell library was empty.

Dungeon Overview and Level Annotations

Branches:
Dungeon (2/15)

Altars:

Annotations:
D:2 Robin


Innate Abilities, Weirdness & Mutations

You are a tree.
Your roots penetrate the ground, keeping you stationary.
You cannot be teleported.
You are immune to unholy pain and torment.
Your maximum health is greatly increased.
Your equipment is partially melded.
You are immune to sickness and miasma.
((Your stone body is resilient. (AC +3)))
You are immune to poison.
You resist negative energy. (rN+)
((You are resistant to electric shocks. (rElec)))
You are resistant to unholy torment.
You are immune to petrification.


Message History

The goblin no longer looks unusually strong.
Robin roars a battlecry!
The goblin goes into a battle-frenzy!
The goblin barely misses you. Robin throws the goblin at you!
The goblin hits you but does no damage. x2
You barely miss the goblin.
The hobgoblin no longer looks unusually strong.
Robin says, "Feeling lonely?"
The goblin barely misses you. The goblin hits you but does no damage.
The goblin completely misses you. The goblin hits you but does no damage.
You sock the goblin!
You kill the goblin!
Trog accepts your kill.
Robin says, "Kneel, worm!"
Robin throws the goblin at you!
The goblin hits you but does no damage. x4
You closely miss the goblin. The goblin hits you with a +0 dagger.
* * * LOW HITPOINT WARNING * * *
The goblin hits you but does no damage.
Robin roars a battlecry!
The hobgoblin goes into a battle-frenzy!
The goblin hits you but does no damage. The goblin hits you with a +0 dagger.
* * * LOW HITPOINT WARNING * * *
You hit the goblin.
You kill the goblin!
Trog accepts your kill. Robin throws the goblin at you!
The goblin hits you but does no damage.
You hit the goblin but do no damage.
The hobgoblin hits you but does no damage.
The goblin hits you but does no damage. x2
The hobgoblin hits you but does no damage.
You hit the goblin.
You kill the goblin!
Trog accepts your kill. The hobgoblin hits you.
* * * LOW HITPOINT WARNING * * *
The hobgoblin hits you but does no damage.
You barely miss the hobgoblin.
The hobgoblin hits you but does no damage.
The hobgoblin hits you.
You die...

#.##.# #.##.# #.##.#
#<##.# #.##.##########
#########.#...........#
...............gg..g..#
#########.#....#g##...#
#.#.##.#♣# ...#
#+#.##.#)# .#.# ..
#.#.# .#.# ... #.#.# gg
# .... #.#.# g# ...
#.#.# .#.# #.# #.#


You could see Robin and 2 hobgoblins.

Vanquished Creatures
  A dart slug (D:2)
  A worm (D:2)
  2 ball pythons
  4 bats (D:2)
  5 endoplasms
  11 goblins (D:2)
  2 hobgoblins
  A frilled lizard (D:1)
  6 rats
33 creatures vanquished.

Notes
Turn   | Place    | Note
-------+----------+-------------------------------------------
     0 | D:1      | KittyFluff the Gargoyle Berserker began the quest for the
                  | Orb.
     0 | D:1      | Reached XP level 1. HP: 14/14 MP: 1/1
   488 | D:1      | Reached XP level 2. HP: 11/19 MP: 2/2
  1372 | D:2      | Reached XP level 3. HP: 21/24 MP: 3/3
  1498 | D:2      | Noticed Robin
  1526 | D:2      | Slain by a hobgoblin

Illustrated notes

Levels and vault maps discovered:
D:1:      dpeg_arrival_tiny_c, layout_basic
D:2:      layout_basic, minivault_25, uniq_robin

Skill      XL: |  1  2  3 |
---------------+----------+-----
Armour         | 3 |  3.0
Fighting       | |  3.8
Maces & Flails | |  3.4
Dodging        | |  1.6
Stealth        | |  0.2

Action                   || total
-------------------------++-------
Melee: Mace              ||    64
Invok: Berserk           ||     1
  Use: Potion            ||     1
Armor: Leather armour    ||    32
       Animal skin       ||     1
       Skin              ||    28
Dodge: Dodged            ||    40
